 Dungeon Crawl Stone Soup version 0.31-a0-177-g4aa6249778 (webtiles) character file.

Game seed: 18324825222071144989

303 qw the Shooter (level 6, 0/56 HPs)
             Began as a Naga Hunter on June 18, 2023.
             Slain by a hornet (7 damage)
             ... while paralysed by a hornet
             ... on level 5 of the Dungeon.
             The game lasted 00:00:56 (2372 turns).

qw the Shooter (Naga Hunter)                        Turns: 2372, Time: 00:00:56

Health: 0/56       AC:  3    Str: 13    XL:     6   Next: 38%
Magic:  6/6        EV:  1    Int: 10    God:
Gold:   70         SH:  0    Dex: 16    Spells: 5/5 levels left

rFire   . . .        Y - +0 shortbow
rCold   . . .        (shield currently unavailable)
rNeg    . . .        c - +0 leather armour
rPois   +            (no helmet)
rElec   .            (no cloak)
rCorr   .            (no gloves)
SInv    +            (no barding)
Will    .....        (no amulet)
Stlth   ++           i - +5 ring of evasion
HPRegen 0.29/turn    (no ring)
MPRegen 0.10/turn

%: no passive effects
@: paralysed, short of breath, slowed, very slow
A: AC +2, large, see invisible, deformed body, poison resistance, slowness 2,
spit poison 1, naga tail 1
a: Spit Poison


You were on level 5 of the Dungeon.
You visited 1 branch of the dungeon, and saw 4 of its levels.

You collected 70 gold pieces.


Innate Abilities, Weirdness & Mutations

Your serpentine skin is tough. (AC +2)
You have supernaturally acute eyesight. (SInv)
Armour fits poorly on your strangely shaped body.
Your system is resistant to poisons. (rPois)
You cover ground very slowly.
You can spit poison.
You have a snake-like lower body.


   Skills:
 + Level 3.5 Fighting
 - Level 6.2 Ranged Weapons
 - Level 1.5 Dodging
 - Level 1.5 Stealth


You had 5 spell levels left.
You didn't know any spells.
Your spell library was empty.

Inventory:

Hand Weapons
 Y - a +0 shortbow (weapon)
Armour
 c - a +0 leather armour (worn)
Jewellery
 e - a +6 ring of strength
 i - a +5 ring of evasion (left hand)
Scrolls
 b - 3 scrolls of identify
 f - a scroll of enchant armour
Potions
 a - a potion of heal wounds {unknown}
 d - a potion of cancellation {unknown}
 g - a potion of ambrosia {unknown}
 h - a potion of might {unknown}
 j - a potion of haste {unknown}

Dungeon Overview and Level Annotations

Branches:
Dungeon (3/15)

Altars:
Uskayaw


Message History

You destroy the sleepcap!
You start resting.
HP restored.
Found 4 stones.
A jelly comes into view.
You shoot an arrow. The arrow hits the jelly!
The jelly quivers.
The jelly is heavily wounded.
You shoot an arrow. The arrow hits the jelly.
The jelly is severely wounded.
You shoot an arrow. The arrow hits the jelly!
You kill the jelly!
a - an amethyst potion You see here 4 stones.
A hornet comes into view.
The hornet buzzes angrily.
2366 ||| INVOKING Spit Poison.
Aiming: Spit Poison (1% risk of failure)
Press: ? - help, Shift-Dir - straight line, f - hornet The splash of poison misses the hornet.
You shoot an arrow. The arrow misses the hornet.
You shoot an arrow. The arrow closely misses the hornet.
You have got your breath back.
The hornet stings you!
You feel yourself slow down.
2369 ||| INVOKING Spit Poison.
Aiming: Spit Poison (1% risk of failure)
Press: ? - help, Shift-Dir - straight line, f/p - hornet The splash of poison hits the hornet but does no damage.
The hornet is poisoned.
The hornet stings you. The hornet completely misses you.
The hornet stings you but does no damage.
You shoot an arrow. The arrow hits the hornet.
The hornet is lightly wounded.
You feel yourself speed up. The hornet stings you!
You suddenly lose the ability to move!
The hornet stings you. The hornet stings you.
You feel yourself slow down. The hornet stings you!
You feel as though you will be slow longer.
The hornet stings you!
You die...

#.##########.# #.#
#.#..........#
##.#
#.#.########.##
#..# #.#.# #..#
#.## #.#.# #..#
#.# #.#.# #..# #.#
#.#.# ####..###.#
#.#.# #.......(.#
#.#.# #.##.@#####
####.#.#####.##.y#
.......##........#
####.........##.##
######.#####.# ###
#.# #.# #.


You could see a hornet (poisoned).

Vanquished Creatures
  A black bear (D:5)
  A jelly (D:5)
  A sleepcap (D:5)
  An iguana (D:3)
  6 adders
  A worm (D:2)
  4 dart slugs
  8 endoplasms
  4 giant cockroaches
  6 goblins (D:1)
  3 hobgoblins
  2 jackals (D:1)
  5 quokkas
  6 ball pythons
  6 bats
  3 frilled lizards
  8 kobolds
  5 rats
71 creatures vanquished.

Notes
Turn   | Place    | Note
-------+----------+-------------------------------------------
     0 | D:1      | qw the Naga Hunter began the quest for the Orb.
     0 | D:1      | Reached XP level 1. HP: 19/19 MP: 1/1
     0 | D:1      | 0 ||| qw: Version: 0.3-a-7-ge0c9b40
     0 | D:1      | 0 ||| qw: Game counter: 824
     0 | D:1      | 0 ||| qw: Always use a shield: true
     0 | D:1      | 0 ||| qw: God list: Okawaru
     0 | D:1      | 0 ||| qw: Allow faded altars: false
     0 | D:1      | 0 ||| qw: Do Orc after D:15 true
     0 | D:1      | 0 ||| qw: Do second Lair branch before Depths: true
     0 | D:1      | 0 ||| qw: Lair rune preference: random
     0 | D:1      | 0 ||| qw: Plans: Normal
     0 | D:1      | 0 ||| PLANNING D:1-11
    18 | D:1      | 18 ||| INVOKING Spit Poison.
    50 | D:1      | 50 ||| INVOKING Spit Poison.
    55 | D:1      | 55 ||| INVOKING Spit Poison.
    56 | D:1      | Reached skill level 4 in Ranged Weapons
    56 | D:1      | Reached XP level 2. HP: 24/26 MP: 2/2
    61 | D:1      | 61 ||| INVOKING Spit Poison.
    86 | D:1      | 86 ||| INVOKING Spit Poison.
    92 | D:1      | 92 ||| INVOKING Spit Poison.
   106 | D:1      | 106 ||| INVOKING Spit Poison.
   117 | D:1      | 117 ||| INVOKING Spit Poison.
   120 | D:1      | 120 ||| INVOKING Spit Poison.
   125 | D:1      | 125 ||| INVOKING Spit Poison.
   139 | D:1      | 139 ||| INVOKING Spit Poison.
   162 | D:1      | 162 ||| INVOKING Spit Poison.
   163 | D:1      | Reached XP level 3. HP: 32/32 MP: 3/3
   207 | D:1      | 207 ||| INVOKING Spit Poison.
   234 | D:1      | 234 ||| INVOKING Spit Poison.
   328 | D:1      | 328 ||| INVOKING Spit Poison.
   332 | D:1      | 332 ||| INVOKING Spit Poison.
   348 | D:1      | 348 ||| INVOKING Spit Poison.
   503 | D:1      | 503 ||| INVOKING Spit Poison.
   662 | D:1      | 662 ||| INVOKING Spit Poison.
   666 | D:1      | 666 ||| INVOKING Spit Poison.
   694 | D:1      | 694 ||| INVOKING Spit Poison.
   774 | D:1      | 774 ||| UPGRADING to +5 ring of evasion.
   775 | D:1      | 775 ||| READING scroll labelled GIKHLAW BYL BEG.
   776 | D:1      | 776 ||| READING 2 scrolls labelled VAWIET HOSOI.
   777 | D:1      | 777 ||| READING scroll labelled SECIKODILI.
   778 | D:1      | 778 ||| DRINKING 2 green potions.
   779 | D:1      | 779 ||| DROPPING scroll of butterflies.
   780 | D:1      | 780 ||| DROPPING potion of brilliance.
   845 | D:2      | 845 ||| INVOKING Spit Poison.
   873 | D:2      | 873 ||| INVOKING Spit Poison.
   883 | D:2      | 883 ||| INVOKING Spit Poison.
   886 | D:2      | Reached skill level 5 in Ranged Weapons
   889 | D:2      | 889 ||| INVOKING Spit Poison.
   892 | D:2      | 892 ||| INVOKING Spit Poison.
   894 | D:2      | Reached XP level 4. HP: 39/39 MP: 4/4
   918 | D:2      | 918 ||| INVOKING Spit Poison.
   922 | D:2      | 922 ||| INVOKING Spit Poison.
  1035 | D:2      | 1035 ||| INVOKING Spit Poison.
  1041 | D:2      | 1041 ||| INVOKING Spit Poison.
  1044 | D:2      | 1044 ||| INVOKING Spit Poison.
  1098 | D:2      | 1098 ||| INVOKING Spit Poison.
  1191 | D:2      | 1191 ||| INVOKING Spit Poison.
  1238 | D:2      | 1238 ||| INVOKING Spit Poison.
  1298 | D:2      | 1298 ||| INVOKING Spit Poison.
  1353 | D:2      | 1353 ||| INVOKING Spit Poison.
  1368 | D:2      | 1368 ||| INVOKING Spit Poison.
  1436 | D:2      | 1436 ||| INVOKING Spit Poison.
  1437 | D:2      | Reached skill level 3 in Fighting
  1489 | D:2      | 1489 ||| READING scroll labelled CESHICZI RIKIU.
  1490 | D:2      | 1490 ||| READING scroll labelled JUZIAB HOSU.
  1491 | D:2      | 1491 ||| READING scroll labelled MOAL YXAIN.
  1492 | D:2      | 1492 ||| READING scroll labelled OFEXIG KEIROIRPH.
  1497 | D:2      | 1497 ||| READING scroll labelled XAWKAE EXYSK.
  1498 | D:2      | 1498 ||| DRINKING 2 murky grey potions.
  1499 | D:2      | 1499 ||| DROPPING potion of attraction.
  1630 | D:3      | 1630 ||| INVOKING Spit Poison.
  1633 | D:3      | 1633 ||| INVOKING Spit Poison.
  1669 | D:3      | 1669 ||| INVOKING Spit Poison.
  1672 | D:3      | 1672 ||| INVOKING Spit Poison.
  1674 | D:3      | Reached XP level 5. HP: 43/49 MP: 5/5
  1723 | D:3      | Found a hide-covered altar of Uskayaw.
  1735 | D:3      | 1735 ||| INVOKING Spit Poison.
  1757 | D:3      | 1757 ||| INVOKING Spit Poison.
  1761 | D:3      | 1761 ||| INVOKING Spit Poison.
  1776 | D:3      | 1776 ||| INVOKING Spit Poison.
  1801 | D:3      | 1801 ||| INVOKING Spit Poison.
  1804 | D:3      | 1804 ||| INVOKING Spit Poison.
  1818 | D:3      | 1818 ||| INVOKING Spit Poison.
  1832 | D:3      | 1832 ||| INVOKING Spit Poison.
  1892 | D:3      | Noticed an ice beast
  1904 | D:3      | HP: 12/49 [ice beast (10)]
  1905 | D:3      | 1905 ||| READING scroll of teleportation.
  2051 | D:3      | 2051 ||| INVOKING Spit Poison.
  2072 | D:3      | You fall into a shaft and drop 2 floors!
  2072 | D:5      | Entered Level 5 of the Dungeon
  2092 | D:5      | Noticed a black bear
  2094 | D:5      | 2094 ||| INVOKING Spit Poison.
  2099 | D:5      | 2099 ||| INVOKING Spit Poison.
  2100 | D:5      | Killed a black bear
  2101 | D:5      | Reached skill level 6 in Ranged Weapons
  2101 | D:5      | Reached XP level 6. HP: 39/56 MP: 6/6
  2122 | D:5      | HP: 12/56 [sleepcap (7)]
  2123 | D:5      | HP: 2/56 [sleepcap (4)]
  2365 | D:5      | Noticed a hornet
  2366 | D:5      | 2366 ||| INVOKING Spit Poison.
  2369 | D:5      | 2369 ||| INVOKING Spit Poison.
  2370 | D:5      | Paralysed by a hornet for 3 turns
  2371 | D:5      | HP: 6/56 [hornet (16)]
  2372 | D:5      | Slain by a hornet

Levels and vault maps discovered:
D:1:      kennysheep_arrival_forest, layout_basic,
          chequers_serial_rivers_micro_e, minmay_tetromino_i4
D:2:      layout_loops_ring, minmay_quantized
D:3:      layout_basic, zin_scriptorium,
          nicolae_uskayaw_murder_on_the_dancefloor, dreamdust_princess_bridge,
          st_stairs_4
D:5:      layout_loops_ring, tgw_kikubaaqudgha, old_standard_altar,
          mainiacjoe_overflow_brackets, solitary_fountain

Skill      XL: |  1  2  3  4  5 |
---------------+----------------+-----
Ranged Weapons | 4 5 6 |  6.2
Fighting       | 3 |  3.5
Dodging        | |  1.5
Stealth        | |  1.5

Action                     |  1- 3 |  4- 6 || total
---------------------------+-------+-------++-------
   Fire: Shortbow          |    55 |    96 ||   151
Ability: Spit Poison       |    26 |    29 ||    55
    Use: Scroll            |     3 |     6 ||     9
         Potion            |     1 |     1 ||     2
 Armour: Leather armour    |     3 |     9 ||    12
  Dodge: Dodged            |     6 |    42 ||    48

Table legend:
 A = Non-vault XP
 B = Vault XP
 C = Vault XP percentage of total XP
 D = Non-vault monster count
 E = Vault monster count
 F = Vault count percentage of total count
                 A         B        C        D         E       F
            +---------+---------+-------+---------+---------+-------
      Total |     421 |      13 |   3.0 |      63 |       8 |  11.3
            +---------+---------+-------+---------+---------+-------
        D:1 |      56 |       5 |   8.2 |      32 |       3 |   8.6
        D:2 |      72 |       5 |   6.5 |      17 |       3 |  15.0
        D:3 |      85 |       3 |   3.4 |      11 |       2 |  15.4
        D:5 |     208 |       0 |   0.0 |       3 |       0 |   0.0
            +---------+---------+-------+---------+---------+-------
